AoeStats
← beneath mariana

Black Forest

503686424Analyzed
4v4 RM · 1mo ago on Sep 1, 2026· 13m 55s· 8 players
Game mode
Random Map
Map size
Large (8 player)
Population
200
Speed
Normal
Resources
Standard
Victory
Conquest
Starting age
Dark Age
Ending age
Imperial Age
RankedLock teamsTeams togetherTeam positionsShared explorationLock speedFull tech treeHidden civsTurbo modeCheats
Victory
Defeat
🇨🇳 Khitans · China
1473
+14
🇩🇪 Mongols · Germany
1464
+15
🇺🇸 Spanish · United States
1462
+15
🇧🇷 Dravidians · Brazil
1376
+19
🇨🇳 Wei · China
1454
-17
🇨🇳 Britons · China
1442
-16
🇨🇳 Lithuanians · China
1424
-15
🇨🇳 Persians · China
1420
-15
老狐狸
7:10 Loom
11:09 Feudal Age
15:16 Castle Age
13:06 Double-Bit Axe
13:03 Horse Collar
860
1:07 Loom
10:03 Feudal Age
10:08 Man-at-Arms
Game Sun
0:38 Loom
10:54 Feudal Age
柠檬头的喜悦
10:45 Feudal Age
14:22 Castle Age
12:14 Double-Bit Axe
12:37 Horse Collar
TheEverestHeart
0:52 Loom
11:34 Feudal Age
16:08 Castle Age
Pipin
9:54 Feudal Age
10:07 Feudal Age
11:15 Double-Bit Axe
11:24 Horse Collar
14:21 Castle Age
Kuroko
5:49 Loom
11:01 Feudal Age
12:32 Double-Bit Axe
15:27 Castle Age
beneath mariana
10:17 Feudal Age
10:22 Man-at-Arms
11:59 Loom
13:44 Double-Bit Axe
13:45 Domestication
Connection lost

Rejoining the realm…

Still unreachable

The connection could not be restored.

Session expired

The server has moved on; the page needs a fresh start.